 Dungeon Crawl Stone Soup version 0.23.2-33-g5129a83184 (webtiles) character file.

Game seed: 4463529083374129152

5841 MalarOregon the Skirmisher (level 10, -4/86 HPs)
             Began as a Ghoul Earth Elementalist on July 14, 2019.
             Was a Believer of Cheibriados.
             Killed by divine providence
             ... invoked by an orc priest
              (9 damage)
             ... on level 8 of the Dungeon.
             The game lasted 00:29:19 (9990 turns).

MalarOregon the Skirmisher (GhEE)                   Turns: 9990, Time: 00:29:20

Health: -4/86      AC:  7    Str: 15    XL:     10   Next: 80%
Magic:  0/14       EV: 14    Int: 20    God:    Cheibriados [**....]
Gold:   323        SH:  0    Dex: 13    Spells: 1/16 levels left

rFire    + + +     SeeInvis +   C - +1 long sword "Mibuguul" {venom, rF++ MR+ Str-2 Int+3}
rCold    + . .     Gourm    .   (no shield)
rNeg     + + +     Faith    .   c - +0 robe
rPois    ∞         Spirit   .   w - +0 helmet
rElec    .         Reflect  .   j - +1 cloak
rCorr    .         Harm     .   s - +0 pair of gloves
MR       +....                  n - +0 pair of boots
Stlth    +++.......             (no amulet)
HPRegen  0.00/turn              i - ring of protection from fire
MPRegen  0.14/turn              z - ring of see invisible

@: about to teleport, rotting, very slow
A: rotting body, claws 1, carnivore, cold resistance 1, negative energy
resistance 3, inhibited regeneration, torment resistance, unbreathing
a: Bend Time, Renounce Religion


You were on level 8 of the Dungeon.
You worshipped Cheibriados.
Cheibriados was pleased with you.
You were not hungry.

You visited 2 branches of the dungeon, and saw 9 of its levels.

You collected 390 gold pieces.
You spent 67 gold pieces at shops.

Inventory:

Hand Weapons
 q - a +5 flail of crushing
   (You took it off Edmund on level 5 of the Dungeon)
 C - the +1 long sword "Mibuguul" (weapon) {venom, rF++ MR+ Str-2 Int+3}
   (You found it on level 7 of the Dungeon)

   It poisons the flesh of those it strikes.
   It affects your strength (-2).
   It affects your intelligence (+3).
   It greatly protects you from fire.
   It affects your resistance to hostile enchantments.
Missiles
 b - 66 stones (quivered)
 f - a throwing net {!f}
Armour
 c - a +0 robe (worn)
 j - a +1 cloak (worn)
   (You found it on level 3 of the Dungeon)
 n - a +0 pair of boots (worn)
   (You found it on level 2 of the Dungeon)
 s - a +0 pair of gloves (worn)
   (You found it on level 6 of the Dungeon)
 w - a +0 helmet (worn)
   (You bought it in a shop on level 6 of the Dungeon)
Magical Staves
 v - an uncursed staff of wizardry {!a}
   (You found it on level 5 of the Dungeon)
Jewellery
 i - a ring of protection from fire (left hand)
   (You found it on level 3 of the Dungeon)
 z - a ring of see invisible (right hand)
   (You found it on level 3 of the Dungeon)
Wands
 d - a wand of iceblast (8)
   (You found it on level 8 of the Dungeon)
 h - a wand of polymorph (6)
   (You found it on level 2 of the Dungeon)
Scrolls
 a - a scroll of enchant weapon
 k - 3 scrolls of identify {@r1}
 m - 2 scrolls of teleportation {@r4}
 p - 2 scrolls of remove curse {@r2}
 r - a scroll of blinking
 y - a scroll of enchant armour
Potions
 g - 4 potions of curing {@q1}
 l - 2 potions of might
 o - a potion of cancellation
 t - 4 potions of agility
 u - 3 potions of flight
Comestibles
 e - 13 rations {!d}
 B - 2 chunks of flesh


   Skills:
 - Level 7.2 Fighting
 - Level 5.0 Dodging
 - Level 7.1 Stealth
 + Level 3.9 Spellcasting
 - Level 4.0 Conjurations
 - Level 5.1 Transmutations
 - Level 7.1 Earth Magic
 - Level 6.0 Invocations
 - Level 2.0 Evocations


You had one spell level left.
You knew the following spells:

 Your Spells              Type           Power        Failure   Level  Hunger
a - Sandblast             Erth           ####..       1%          1    None
b - Petrify               Tmut/Erth      ####....     10%         4    ####...
c - Lee's Rapid Deconstr  Erth           ####......   19%         5    ######.
q - Passwall              Tmut/Erth      ####....     1%          2    ##.....
x - Stone Arrow           Conj/Erth      ####..       3%          3    ###....

Your spell library contained the following spells:

 Spells                   Type           Power        Failure   Level  Hunger


Dungeon Overview and Level Annotations

Branches:
Dungeon (8/15)             Temple (1/1) D:6
   Lair: D:8-11

Altars:
Ashenzari
Cheibriados
Dithmenos
Elyvilon
Fedhas
Gozag
Hepliaklqana
Makhleb
Nemelex Xobeh
Okawaru
Qazlal
Ru
Sif Muna
Trog
Uskayaw
Wu Jian
Xom
Yredelemnul
Zin
The Shining One

Shops:
D:6 [

Annotations:
D:8 2 runed translucent doors


Innate Abilities, Weirdness & Mutations

Your body is rotting away.
You thrive on raw meat.
You are immune to poison.
You have sharp fingernails.
You are carnivorous and can eat meat at any time.
Your flesh is cold resistant. (rC+)
You are immune to negative energy. (rN+++)
You do not regenerate when monsters are visible.
You are immune to unholy pain and torment.
You can survive without breathing.


Message History

The stone arrow hits the orc warrior!
The orc warrior hits you from afar with a +0 glaive of freezing!
The orc warrior freezes you.
You don't have enough magic to cast that spell.
The orc closely misses you.
You hit the orc warrior but do no damage.
The orc warrior is poisoned.
The orc warrior hits you but does no damage.
The orc closely misses you. The orc priest barely misses you.
You closely miss the orc priest.
The orc looks more healthy.
The orc warrior closely misses you.
You riposte.
You hit the orc warrior.
The orc warrior looks as sick as possible!
The orc closely misses you.
The orc priest mumbles some strange prayers to Beogh against you.
Beogh smites you!
* * * LOW HITPOINT WARNING * * *
The orc hits you but does no damage.
The orc priest calls upon Beogh to heal the orc warrior.
The orc warrior is healed somewhat.
The orc warrior closely misses you.
Aim: an orc priest, wielding a +0 mace (unusually agile)
The blast of sand hits the orc priest!
You kill the orc priest!
Cheibriados appreciates the change of pace.
b - 67 stones The orc barely misses you.
Aim: an orc, wielding a +1 flail of holy wrath and wearing a +0 ring mail The blast of sand misses the orc.
The blast of sand misses the orc priest.
b - 66 stones The orc warrior hits you with a +0 glaive of freezing!
* * * LOW HITPOINT WARNING * * *
The orc warrior freezes you.
* * * LOW HITPOINT WARNING * * *
The orc barely misses you.
The orc priest casts a cantrip, but nothing happens.
The orc warrior hits you from afar with a +0 glaive of freezing!!
* * * LOW HITPOINT WARNING * * *
The orc warrior freezes you.
* * * LOW HITPOINT WARNING * * *
As you read the scroll of teleportation {@r4}, it crumbles to dust.
You feel strangely unstable.
You kill the orc warrior!
Cheibriados appreciates the change of pace.
Training target 4.0 for Conjurations reached!
Your Conjurations skill increases to level 4!
The orc hits you from afar with a +0 trident.
* * * LOW HITPOINT WARNING * * *
The orc priest mumbles some strange prayers to Beogh against you.
Beogh smites you!
You die...

#.##.##....##.##.####...###.
#..#..#..8..#..#..#)..###..!
...##.##....##.##.).###...##
#...#..#..###.....###...####
....##.####...#####......[..
# #..#...###............. #.
##...###...##.......... ..
#.###.[.####........##
##.#.#(.@### #..........
+....)o### #.....(....
#####o## ####..........
#..o).ooo.#...........##
#...o.o...#...........#
#...$.oo..#.........###
...........#.........#
#.####.####.#.........## #.
... .#..........#


You could see an orc priest and 2 orcs.

Vanquished Creatures
  A centaur warrior (D:8)
  An ugly thing (D:8)
  A hornet (D:7)
  Prince Ribbit (D:8)
  2 hippogriffs
  Sigmund (D:5)
  A wyvern (D:8)
  Edmund (D:5)
  Menkaure (D:6)
  A water moccasin (D:8)
  Duvessa (D:5)
  2 orc warriors
  2 sky beasts
  2 ice beasts
  An eye of draining (D:8)
  A black bear (D:6)
  12 ogres
  3 bullfrogs
  Dowan (D:5)
  2 scorpions
  A howler monkey (D:5)
  2 crimson imps
  5 hounds
  4 jellies
  5 orc priests
  Natasha (thrice) (D:3)
  A bullfrog skeleton (D:6)
  2 iguanas (D:5)
  4 orc wizards
  6 worker ants
  2 killer bee zombies
  2 hound skeletons
  3 gnolls (D:2)
  2 howler monkey skeletons
  5 adders
  A shadow imp (D:5)
  An ooze (D:3)
  An adder zombie (D:5)
  3 worms
  4 dart slugs
  2 leopard geckos
  18 orcs
  3 ball pythons
  7 bats
  5 giant cockroaches
  7 goblins
  6 hobgoblins
  6 jackals
  3 quokkas
  A ball python skeleton (D:4)
  4 frilled lizards
  8 kobolds
  2 rats
  A spectral orc (D:7)
168 creatures vanquished.

Notes
Turn   | Place    | Note
-------+----------+-------------------------------------------
     0 | D:1      | MalarOregon the Ghoul Earth Elementalist began the quest
                  | for the Orb.
     0 | D:1      | Reached XP level 1. HP: 14/14 MP: 2/2
    99 | D:1      | Reached skill level 1 in Fighting
    99 | D:1      | Reached XP level 2. HP: 18/23 MP: 3/3
   578 | D:2      | Found a shattered altar of Ashenzari.
   591 | D:2      | Found an opulent altar of Gozag.
   643 | D:2      | Reached XP level 3. HP: 27/29 MP: 4/4
  1192 | D:2      | Reached XP level 4. HP: 37/37 MP: 2/5
  1322 | D:2      | Found a blossoming altar of Fedhas.
  1596 | D:2      | Reached XP level 5. HP: 43/45 MP: 1/6
  1821 | D:2      | Reached skill level 5 in Earth Magic
  2079 | D:3      | Reached XP level 6. HP: 45/53 MP: 3/7
  2083 | D:3      | Learned a level 2 spell: Passwall
  2087 | D:3      | Learned a level 3 spell: Stone Arrow
  2089 | D:3      | Reached skill level 5 in Fighting
  2257 | D:3      | Reached skill level 1 in Transmutations
  2952 | D:4      | Noticed Natasha
  2956 | D:3      | Killed Natasha
  3083 | D:4      | Found a glowing golden altar of the Shining One.
  3561 | D:4      | Found a sacrificial altar of Ru.
  3856 | D:5      | Entered Level 5 of the Dungeon
  3856 | D:5      | Noticed an ice beast
  3911 | D:5      | Reached skill level 1 in Evocations
  4065 | D:5      | Noticed Dowan
  4065 | D:5      | Noticed Duvessa
  4087 | D:5      | Killed Duvessa
  4087 | D:5      | Reached skill level 1 in Conjurations
  4087 | D:5      | Reached XP level 7. HP: 16/59 MP: 1/8
  4099 | D:5      | Killed Dowan
  4245 | D:5      | Noticed Sigmund
  4258 | D:5      | Killed Sigmund
  4258 | D:5      | Reached skill level 5 in Stealth
  4388 | D:5      | Noticed Edmund
  4433 | D:5      | Killed Edmund
  4433 | D:5      | Reached XP level 8. HP: 38/68 MP: 9/9
  4877 | D:5      | Found a shimmering altar of Xom.
  4983 | D:5      | Found a hide-covered altar of Uskayaw.
  5120 | D:5      | Found a stormy altar of Qazlal.
  5697 | D:3      | Noticed Natasha
  5708 | D:3      | Killed Natasha
  5853 | D:3      | Noticed Natasha
  5865 | D:3      | Killed Natasha
  5955 | D:6      | Found a staircase to the Ecumenical Temple.
  6525 | D:6      | Learned a level 4 spell: Petrify
  6531 | D:6      | Noticed Menkaure
  6538 | D:6      | Killed Menkaure
  6538 | D:6      | Reached XP level 9. HP: 72/72 MP: 3/11
  6619 | Temple   | Entered the Ecumenical Temple
  6709 | Temple   | Became a worshipper of Cheibriados the Contemplative
  7026 | D:6      | Found Unej's Armour Shop.
  7032 | D:6      | Bought a +0 helmet for 67 gold pieces
  7679 | D:7      | Found a deep blue altar of Sif Muna.
  7727 | D:7      | Found a bloodstained altar of Trog.
  7952 | D:7      | Reached skill level 1 in Invocations
  7987 | D:7      | Noticed a hornet
  7997 | D:7      | Killed a hornet
  8160 | D:7      | Reached * piety under Cheibriados
  8247 | D:7      | Got an ebony long sword
  8534 | D:7      | Found a basalt altar of Yredelemnul.
  8640 | D:8      | Reached skill level 5 in Invocations
  8722 | D:7      | Identified the cursed +1 long sword "Mibuguul" {venom, rF++
                  | MR+ Str-2 Int+3} (You found it on level 7 of the Dungeon)
  8781 | D:8      | Reached XP level 10. HP: 35/83 MP: 2/13
  8897 | D:8      | Found a large runed translucent door.
  8897 | D:8      | Found a large runed translucent door.
  8897 | D:8      | Noticed a green ugly thing
  8900 | D:8      | Noticed Prince Ribbit
  8915 | D:8      | Killed Prince Ribbit
  8927 | D:8      | Noticed a centaur warrior
  8953 | D:8      | Killed a centaur warrior
  9050 | D:8      | Killed a green ugly thing
  9050 | D:8      | Reached skill level 5 in Transmutations
  9426 | D:8      | Reached skill level 5 in Dodging
  9441 | D:8      | Learned a level 5 spell: Lee's Rapid Deconstruction
  9782 | D:8      | Reached ** piety under Cheibriados
  9939 | D:8      | Found a shimmering altar of Xom.
  9990 | D:8      | Killed from afar by an orc priest

Skill      XL: |  1  2  3  4  5  6  7  8  9 10 |
---------------+-------------------------------+-----
Fighting       | 1 2 3 4 5 6 7 |  7.2
Earth Magic    | 4 5 6 7 |  7.1
Transmutations | 1 2 3 4 5 |  5.1
Dodging        | 2 3 4 5 |  5.0
Evocations     | 1 2 |  2.0
Stealth        | 3 6 7 |  7.1
Conjurations   | 1 2 3 4 |  4.0
Spellcasting   | 2 3 |  3.9
Invocations    | 6 |  6.0

Action                   |  1- 3 |  4- 6 |  7- 9 | 10-12 || total
-------------------------+-------+-------+-------+-------++-------
Melee: Unarmed           |   129 |    88 |       |       ||   217
       Dagger            |       |    17 |   215 |       ||   232
       Flail             |       |       |    22 |       ||    22
       Long sword        |       |       |     7 |    23 ||    30
 Cast: Sandblast         |     9 |    64 |    27 |    52 ||   152
       Stone Arrow       |       |       |    17 |     6 ||    23
       Lee's Rapid Decon |       |       |       |     3 ||     3
  Use: Potion            |     1 |       |       |     1 ||     2
       Scroll            |     2 |     4 |     6 |     8 ||    20
 Stab: Sleeping          |     2 |     4 |    12 |     2 ||    20
  Eat: Chunk             |     8 |     7 |    28 |    25 ||    68
       Ration            |       |     1 |       |       ||     1
Armor: Robe              |    33 |    36 |    61 |    23 ||   153
Dodge: Dodged            |   105 |    92 |   177 |    64 ||   438
       Rpst.: Long sword |       |       |     4 |    12 ||    16
